 Dungeon Crawl Stone Soup version 0.32-a0-834-geaf45d8e21 (webtiles) character file.

Game seed: 7703838231681277708

355 mopl the Sneak (level 6, -1/28 HPs)
             Began as a Vine Stalker Enchanter on Mar 25, 2024.
             Was an Initiate of Nemelex Xobeh.
             Engulfed by a cloud of flame (11 damage)
             ... on level 5 of the Dungeon.
             The game lasted 00:04:26 (2935 turns).

mopl the Sneak (Vine Stalker Enchanter)             Turns: 2935, Time: 00:04:27

Health: -1/28      AC:  4    Str: 10    XL:     6   Next: 63%
Magic:  0/13       EV: 11    Int: 17    God:    Nemelex Xobeh [......]
Gold:   26         SH:  0    Dex: 15    Spells: 2/13 levels left

rFire   + . .        a - +1 dagger
rCold   x . .        (no shield)
rNeg    . . .        b - +0 robe
rPois   .            u - +0 helmet
rElec   .            (no cloak)
rCorr   .            j - +0 pair of gloves
SInv    .            (no boots)
Will    .....        (no amulet)
Stlth   +++          l - ring of wizardry
HPRegen 1.04/turn    e - ring of fire
MPRegen 0.13/turn

%: guardian spirit, wizardry (x1)
@: no status effects
A: fangs 2, regeneration 1, magic shield, antimagic bite, no potion heal 2
a: Renounce Religion, Draw Escape, Draw Destruction, Draw Summoning


You were on level 5 of the Dungeon.
You worshipped Nemelex Xobeh.
Nemelex Xobeh was noncommittal.
You visited 2 branches of the dungeon, and saw 6 of its levels.

You collected 272 gold pieces.
You spent 246 gold pieces at shops.

Inventory:

Hand Weapons
 a - a +1 dagger (weapon)
Missiles
 f - a stone
 h - 26 poisoned darts
Armour
 b - a +0 robe (worn)
 j - a +0 pair of gloves (worn)
 u - a +0 helmet (worn)
Jewellery
 e - a ring of fire (right hand)
 l - a ring of wizardry (left hand)
Wands
 q - a wand of digging (5)
 B - a wand of flame (21)
Scrolls
 d - 5 scrolls of teleportation
 g - a scroll of identify
 k - a scroll of enchant armour {unknown}
 n - 2 scrolls of blinking {unknown}
 s - 2 scrolls of immolation
 w - a scroll of fear {unknown}
 x - a scroll of torment {unknown}
 y - a scroll of revelation {unknown}
 z - a scroll of poison
 A - a scroll of enchant weapon
Potions
 c - 2 potions of invisibility
 i - a potion of magic
 m - 3 potions of curing
 o - a potion of mutation {!q}
 p - a potion of enlightenment
 r - a potion of brilliance
 t - a potion of attraction
 v - a potion of lignification {!q}


   Skills:
 + Level 2.3 Short Blades
 - Level 1.5 Dodging
 * Level 5.8 Stealth
 * Level 4.0 Spellcasting
 * Level 4.5 Hexes
 + Level 0.4 Invocations


You had 2 spell levels left.
You knew the following spells:

 Your Spells              Type           Power      Damage    Failure   Level
a - Dazzling Flash        Conj/Hex       22%        N/A       8%          3
b - Ensorcelled Hibernat  Hex/Ice        22%        N/A       4%          2
c - Confusing Touch       Hex            18%        N/A       3%          3
d - Tukima's Dance        Hex            18%        N/A       3%          3

Your spell library contained the following spells:

 Spells                   Type           Power      Damage    Failure   Level
 Slow                     Hex            72%        N/A       1%          1
 Lesser Beckoning         Tloc           6%         N/A       10%         2
 Static Discharge         Conj/Air       6%         3-4/arc   10%         2
 Gell's Gravitas          Tloc           3%         N/A       19%         3
 Teleport Other           Tloc           3%         N/A       19%         3
 Vampiric Draining        Necr           3%         2d6       19%         3
 Airstrike                Air            1%         2d(1-17)  50%         4
 Summon Lightning Spire   Summ/Air       3%         N/A       50%         4


Dungeon Overview and Level Annotations

Branches:
Dungeon (5/15)             Temple (1/1) D:4

Altars:
Ashenzari
Dithmenos
Fedhas
Gozag
Hepliaklqana
Kikubaaqudgha
Makhleb
Nemelex Xobeh
Okawaru
Qazlal
Ru
Wu Jian
Yredelemnul
The Shining One

Shops:
D:4 ?


Innate Abilities, Weirdness & Mutations

You have extremely sharp teeth.
Your natural rate of healing is unusually fast.
When hurt, damage is shared between your health and your magic reserves.
Your bite disrupts and absorbs the magic of your enemies.
Potions cannot restore your health.


Message History

Your +2 short sword of venom hits the orc but does no damage.
The orc is poisoned.
Your +2 short sword of venom is engulfed in blazing flames.
Your +2 short sword of venom hits the orc but does no damage.
Your +2 short sword of venom falls from the air.
An orc comes into view. It is wielding a +0 mace.
Casting: Tukima's Dance (dangerous; 3% risk of failure)
Confirm with . or Enter, or press ? or * to list all spells.
Aiming: Tukima's Dance (dangerous; 3% risk of failure)
Press: ? - help, Shift-Dir - straight line, f - orc
Aim: an orc, wielding a +0 short sword and wearing a +0 ring mail (chance to affect: 68%)
The +0 short sword dances into the air!
Unknown command.
Unknown command.
Casting: Tukima's Dance (dangerous; 3% risk of failure)
Confirm with . or Enter, or press ? or * to list all spells.
Aiming: Tukima's Dance (dangerous; 3% risk of failure)
Press: ? - help, Shift-Dir - straight line, f - orc, p - orc
Aim: an orc, wielding a +0 falchion and wearing the +0 chain mail of the Okapi {Dex+2} (severely wounded, poisoned, chance to affect: 68%)
The orc struggles to resist.
Your +0 short sword hits the orc but does no damage. x2
The orc hits your +0 short sword with a +0 falchion.
Unknown command.
The orc dies!
The orc hits your +0 short sword.
Your +0 short sword falls from the air.
Okay, then.
You feel more attuned to fire.
e - a ring of fire (right hand)
You are engulfed in blazing flames.
You resist.
You are engulfed in blazing flames.
You resist.
Things that are here:
12 gold pieces; a +0 whip You now have enough gold to buy a scroll of identify on D:4.
You can access your shopping list by pressing '$'.
You now have 26 gold pieces (gained 12).
You are engulfed in blazing flames.
You resist.
You are engulfed in blazing flames.
You resist.
You die...
Your body disappears without a glow.

#......... ...##.##
#.....#.#.# #.#...##
....###......#
#..........#.. #
#.......#.##.# #☼
#.......#.##.# #☼§
#.............
###.o.#####.......#.##.#
§......@○§........#.# #
§§....o○§§........#.#
.§.....°§§.########.#
###...###### #.# #☼§.
#.# #§§§ .. #.. #..


You could see 2 orcs.

Vanquished Creatures
  An ogre (D:3)
  Blork the orc (D:4)
  2 jellies (D:4)
  A hound (D:4)
  4 gnolls (D:4)
  An adder (D:4)
  A dart slug (D:4)
  An orc (D:3)
  9 ball pythons
  4 endoplasms
  2 giant cockroaches
  6 goblins
  4 hobgoblins
  4 jackals (D:1)
  7 quokkas
  3 bats
  2 frilled lizards
  9 kobolds
  5 rats
67 creatures vanquished.

Vanquished Creatures (collateral kills)
  2 orcs (D:5)
2 creatures vanquished.

Vanquished Creatures (others)
  A dancing weapon (D:5)
  An orc priest (D:5)
  An adder (D:5)
3 creatures vanquished.

Grand Total: 72 creatures vanquished

Notes
Turn   | Place    | Note
-------+----------+-------------------------------------------
     0 | D:1      | mopl the Vine Stalker Enchanter began the quest for the
                  | Orb.
     0 | D:1      | Reached XP level 1. HP: 9/9 MP: 4/4
    67 | D:1      | Reached skill level 1 in Short Blades
   173 | D:1      | Reached XP level 2. HP: 12/13 MP: 4/6
   176 | D:1      | Learned a level 2 spell: Ensorcelled Hibernation
   268 | D:1      | Reached skill level 4 in Stealth
   626 | D:1      | Reached XP level 3. HP: 15/16 MP: 7/7
   630 | D:1      | Learned a level 3 spell: Confusing Touch
  1594 | D:3      | Noticed an ogre
  1605 | D:3      | Killed an ogre
  1606 | D:3      | Reached skill level 5 in Stealth
  1606 | D:3      | Reached skill level 3 in Spellcasting
  1606 | D:3      | Reached XP level 4. HP: 18/21 MP: 7/9
  1606 | D:3      | Reached XP level 5. HP: 20/24 MP: 7/10
  1619 | D:3      | Learned a level 3 spell: Tukima's Dance
  2120 | D:4      | Found a shadowy altar of Dithmenos.
  2174 | D:4      | Found a blossoming altar of Fedhas.
  2182 | D:4      | Reached skill level 4 in Hexes
  2190 | D:4      | Noticed Blork the orc
  2299 | D:4      | Killed Blork the orc
  2300 | D:4      | Reached skill level 2 in Short Blades
  2300 | D:4      | Reached XP level 6. HP: 19/28 MP: 12/12
  2343 | D:4      | Found Edoissaz's Magic Scroll Shop.
  2352 | D:4      | Bought a scroll of immolation for 48 gold pieces
  2352 | D:4      | Bought a scroll of identify for 24 gold pieces
  2352 | D:4      | Bought a scroll of teleportation for 36 gold pieces
  2352 | D:4      | Bought a scroll of poison for 48 gold pieces
  2352 | D:4      | Bought a scroll of enchant weapon for 90 gold pieces
  2379 | D:4      | Found a staircase to the Ecumenical Temple.
  2495 | Temple   | Entered the Ecumenical Temple
  2506 | Temple   | Became a worshipper of Nemelex Xobeh the Trickster
  2732 | D:4      | Reached skill level 4 in Spellcasting
  2803 | D:5      | Entered Level 5 of the Dungeon
  2869 | D:5      | Learned a level 3 spell: Dazzling Flash
  2888 | D:5      | Identified the +0 chain mail of the Okapi {Dex+2}
  2935 | D:5      | Engulfed by a cloud of flame

Illustrated notes

Levels and vault maps discovered:
D:1:      scummos_arrival_star, layout_loops_corners
D:2:      layout_rooms
D:3:      layout_basic, chequers_serial_rivers_micro_b, nrook_loot_triangle
D:4:      layout_rooms, fedhas_altar_1, grunt_dithmenos_smoke,
          minmay_temple_entry_wispy, serial_shops,
          nicolae_shop_just_a_little_nook, grunt_ministairs_5,
          uniq_blork_the_orc
D:5:      layout_loops_corners, trog_ov_bears_minmay,
          mainiacjoe_overflow_alcove_3, old_standard_altar, lemuel_flame_loot_1
Temple:   nicolae_temple_hex_pool

Skill      XL: |  1  2  3  4  5  6 |
---------------+-------------------+-----
Short Blades   | 1 2 |  2.3
Stealth        | 4 5 |  5.8
Spellcasting   | 3 4 |  4.0
Hexes          | 4 |  4.5
Dodging        | |  1.5
Invocations    | |  0.4

Action                     |  1- 3 |  4- 6 || total
---------------------------+-------+-------++-------
  Melee: Dagger            |   159 |    93 ||   252
         Bite              |    36 |    22 ||    58
  Throw: Dart              |       |     2 ||     2
   Cast: Ensorcelled Hiber |       |     8 ||     8
         Tukima's Dance    |       |     3 ||     3
    Use: Scroll            |       |     7 ||     7
   Stab: Sleeping          |    10 |     7 ||    17
         Distracted        |     2 |       ||     2
 Armour: Robe              |    89 |    86 ||   175
  Dodge: Dodged            |    89 |    44 ||   133

Table legend: (Time is in decaauts)
 A = Elapsed time spent in this place.
 B = Non-inter-level travel time spent in this place.
 C = Inter-level travel time spent in this place.
 D = Time resting spent in this place.
 E = Time spent auto-exploring this place.
 F = Levels seen in this place.
 G = Mean time per level.
                   A        B        C        D        E       F      G
               +--------+--------+--------+--------+--------+-----+--------+
         Total |   2917 |   2773 |    144 |     77 |   2000 |   6 |  486.2 |
       Dungeon |   2894 |   2762 |    132 |     77 |   2000 |   5 |  578.8 |
        Temple |     22 |     11 |     11 |      0 |      0 |   1 |   22.0 |
               +--------+--------+--------+--------+--------+-----+--------+

Top non-repeatable levels by time:
     D:1: 855 daAuts
     D:3: 812 daAuts
     D:4: 611 daAuts
     D:2: 483 daAuts
     D:5: 131 daAuts
  Temple: 22 daAuts
